 Dungeon Crawl Stone Soup version 0.30-a0-137-gd8773701ce (webtiles) character file.

Game seed: 11308033970923452738

41 jimonade the Shooter (level 3, -2/20 HPs)
             Began as a Deep Elf Hunter on Sept 21, 2022.
             Slain by a quokka (4 damage)
             ... on level 2 of the Dungeon.
             The game lasted 00:01:20 (1036 turns).

jimonade the Shooter (Deep Elf Hunter)              Turns: 1036, Time: 00:01:21

Health: -2/20      AC:  3    Str:  8    XL:     3   Next: 32%
Magic:  5/5        EV: 12    Int: 13    God:
Gold:   54         SH:  0    Dex: 20    Spells: 2/2 levels left

rFire   . . .      SeeInvis .    a - +0 shortbow
rCold   . . .      Faith    .    (shield currently unavailable)
rNeg    . . .      Spirit   .    c - +0 leather armour
rPois   .          Reflect  .    (no helmet)
rElec   .          Harm     .    (no cloak)
rCorr   .          Rampage  .    (no gloves)
Will    .....                    (no boots)
Stlth   ++........               (no amulet)
HPRegen 0.06/turn                (no ring)
MPRegen 0.09/turn                (no ring)

@: no status effects
A: no striking features
a: no special abilities


You were on level 2 of the Dungeon.
You visited 1 branch of the dungeon, and saw 2 of its levels.

You collected 54 gold pieces.

Inventory:

Hand Weapons
 a - a +0 shortbow (weapon)
 j - a +2 short sword of holy wrath
 l - the +6 hand axe "Awanla" {drain, rC+++ Will- rCorr Dex+2}
   (You found it on level 2 of the Dungeon)

   A truly terrible weapon, it drains the life of any living foe it strikes.
   Dex:       It affects your dexterity (+2).
   rC:        It renders you almost immune to cold.
   rCorr:     It protects you from acid and corrosion.
   Will:      It decreases your willpower.
Missiles
 h - 5 silver javelins
Armour
 c - a +0 leather armour (worn)
Scrolls
 b - a scroll of immolation
 f - 2 scrolls of teleportation {unknown}
 g - 2 scrolls of noise {unknown}
 i - a scroll of vulnerability {unknown}
 k - a scroll of identify {unknown}
Potions
 d - 3 potions of curing {unknown}
 e - a potion of haste {unknown}


   Skills:
 - Level 1.5 Fighting
 + Level 6.9 Ranged Weapons
 - Level 2.4 Dodging
 - Level 1.2 Stealth


You had 2 spell levels left.
You didn't know any spells.
Your spell library was empty.

Dungeon Overview and Level Annotations

Branches:
Dungeon (2/15)

Altars:


Message History

Really target yourself?
Okay, then.
You feel sick.
You feel sick.
You feel sick.
You feel sick.
You are no longer poisoned.
A quokka is nearby!
A quokka is nearby!
A quokka is nearby!
Unknown command.
Fire: a) +0 shortbow
Press: ? - help, Q - select action, (/) - cycle Shift-Dir - straight line, f - quokka
Aim: a quokka (56% to hit)
You shoot an arrow. The arrow hits the quokka.
The quokka is heavily wounded.
The quokka twitches its whiskers.
Fire: a) +0 shortbow
Press: ? - help, Q - select action, (/) - cycle Shift-Dir - straight line, f/p - quokka
Aim: a quokka (heavily wounded, 56% to hit)
You shoot an arrow. The arrow completely misses the quokka.
Fire: a) +0 shortbow
Press: ? - help, Q - select action, (/) - cycle Shift-Dir - straight line, f/p - quokka
Aim: a quokka (heavily wounded, 56% to hit)
You shoot an arrow. The arrow hits the quokka.
The quokka is almost dead.
The quokka bites you.
* * * LOW HITPOINT WARNING * * *
The quokka closely misses you.
Fire: a) +0 shortbow
Press: ? - help, Q - select action, (/) - cycle Shift-Dir - straight line, f/p - quokka
Aim: a quokka (almost dead, 56% to hit)
You shoot an arrow. The arrow misses the quokka.
The quokka closely misses you.
Fire: a) +0 shortbow
Press: ? - help, Q - select action, (/) - cycle Shift-Dir - straight line, f/p - quokka
Aim: a quokka (almost dead, 56% to hit)
You shoot an arrow. The arrow closely misses the quokka.
The quokka closely misses you. The quokka bites you.
You die...

##)#........#
#.......#..## .
####.......#..# ..
#..+.......#..# ...
#.##.......#..#
.....######.##.......#..#
.$......................
#..#####.#.#.........#
#....r@..#.########.##
##.####..#.# .# .. #..#.#
. ... #..#.# r.. #..#.#
## #..... .....# .....


You could see a quokka.

Vanquished Creatures
  An adder (D:2)
  2 ball pythons (D:1)
  3 endoplasms (D:1)
  4 giant cockroaches (D:1)
  2 goblins (D:1)
  3 hobgoblins (D:1)
  3 quokkas (D:1)
  3 bats (D:1)
  3 frilled lizards (D:1)
  3 kobolds (D:1)
  4 rats (D:1)
31 creatures vanquished.

Notes
Turn   | Place    | Note
-------+----------+-------------------------------------------
     0 | D:1      | jimonade the Deep Elf Hunter began the quest for the Orb.
     0 | D:1      | Reached XP level 1. HP: 12/12 MP: 3/3
    93 | D:1      | Reached skill level 6 in Ranged Weapons
    93 | D:1      | Reached XP level 2. HP: 16/16 MP: 4/4
   681 | D:1      | Reached XP level 3. HP: 18/20 MP: 5/5
   833 | D:1      | Found a faded altar of an unknown god.
   994 | D:2      | Identified the +6 hand axe "Awanla" {drain, rC+++ Will-
                  | rCorr Dex+2}
  1036 | D:2      | Slain by a quokka

Illustrated notes

Levels and vault maps discovered:
D:1:      lemuel_arrival_tunnels, layout_loops_corners,
          shapermc_ecumenical_altar_mp_urbaneastern, minmay_heptomino_d4
D:2:      layout_basic, basic_altar

Skill      XL: |  1 |
---------------+----+-----
Ranged Weapons | 6 |  6.9
Fighting       | |  1.5
Dodging        | |  2.4
Stealth        | |  1.2

Action                   || total
-------------------------++-------
 Fire: Shortbow          ||    72
Armor: Leather armour    ||     7
Dodge: Dodged            ||    10

Table legend: (Time is in decaauts)
 A = Elapsed time spent in this place.
 B = Non-inter-level travel time spent in this place.
 C = Inter-level travel time spent in this place.
 D = Time resting spent in this place.
 E = Time spent auto-exploring this place.
 F = Levels seen in this place.
 G = Mean time per level.
                   A        B        C        D        E       F      G
               +--------+--------+--------+--------+--------+-----+--------+
         Total |   1052 |   1024 |     28 |      0 |    877 |   2 |  526.0 |
       Dungeon |   1052 |   1024 |     28 |      0 |    877 |   2 |  526.0 |
               +--------+--------+--------+--------+--------+-----+--------+

Top non-repeatable levels by time:
     D:1: 994 daAuts
     D:2: 57 daAuts
